| TOP OF THE 1ST |
|
Pulaski Yankees batting - Pitching for Seattle (APP) Mariners : RHP Josh Newell
|
|
Pitching: RHP Josh Newell
|
|
|
Batting: LHB Joel Vera
|
0-0: Ball 1-0: SOLO HOME RUN (Flyball, 8LXD, EV 107.5 MPH), Distance : 435 ft
|
|
Batting: LHB Dan Morris
|
0-0: Ball 1-0: Bunt missed! 1-1: Ball 2-1: Foul Ball, location: 2F 2-2: Ground out 5-3 (Groundball, 56, EV 98.8 MPH)
|
|
Batting: RHB Bobby Melillo
|
0-0: Ball 1-0: Ground out 5-3 (Groundball, 5, EV 84.4 MPH)
|
|
Batting: SHB Victor Ruiz
|
0-0: Ball 1-0: Fly out, F7 (Flyball, 7S, EV 82.5 MPH)
|
| Top of the 1st over - 1 run, 1 hit, 0 errors, 0 left on base; Pulaski 1 - Seattle (APP) 0 |
| BOTTOM OF THE 1ST |
|
Seattle (APP) Mariners batting - Pitching for Pulaski Yankees : RHP Eric Aguilar
|
|
Pitching: RHP Eric Aguilar
|
|
|
Batting: SHB Tony Morales
|
0-0: Ball 1-0: Ball 2-0: Ball 3-0: Base on Balls
|
|
Batting: RHB Mike Conaway
|
0-0: Ball 1-0: Called Strike 1-1: Swinging Strike 1-2: Strikes out swinging
|
|
Batting: RHB Tze-meng Li
|
0-0: Ball Tony Morales steals 2nd base (no throw) 1-0: Ball 2-0: Ground out 6-3 (Groundball, 6M, EV 104.4 MPH) Tony Morales to third
|
|
Batting: LHB Ryan Daniels
|
0-0: Ball 1-0: Called Strike 1-1: Called Strike 1-2: Ball 2-2: Strikes out swinging
|
| Bottom of the 1st over - 0 runs, 0 hits, 0 errors, 1 left on base; Pulaski 1 - Seattle (APP) 0 |
| TOP OF THE 2ND |
|
Pulaski Yankees batting - Pitching for Seattle (APP) Mariners : RHP Josh Newell
|
|
Batting: RHB Seth Rutz
|
0-0: Called Strike 0-1: Ground out 4-3 (Groundball, 34, EV 86.9 MPH)
|
|
Batting: SHB Joe Fure
|
0-0: Called Strike 0-1: Ball 1-1: Ball 2-1: Foul Ball, location: 2F 2-2: SINGLE (Groundball, 25, EV 62.5 MPH) (infield hit)
|
|
Batting: RHB Johannes Gutermuth
|
0-0: Ball 1-0: Called Strike Joe Fure steals 2nd base 1-1: Ball 2-1: Ball 3-1: Foul Ball, location: 2F 3-2: SINGLE (Line Drive, 6MD, EV 93.8 MPH) Joe Fure to third
|
|
Batting: RHB Alex Colon
|
0-0: Ball 1-0: Called Strike 1-1: Ball Johannes Gutermuth steals 2nd base 2-1: Foul Ball, location: 2F 2-2: Ball 3-2: DOUBLE (Line Drive, 7LS, EV 113.8 MPH) Joe Fure scores Johannes Gutermuth scores
|
|
Batting: RHB Jordan Barragan
|
0-0: Called Strike 0-1: Called Strike Alex Colon steals 3rd base 0-2: Foul Ball, location: 2F 0-2: Ball 1-2: Foul Ball, location: 2F 1-2: 2-RUN HOME RUN (Flyball, 8RXD, EV 116.3 MPH), Distance : 444 ft
|
|
Batting: LHB Joel Vera
|
0-0: Called Strike 0-1: Ball 1-1: Ball 2-1: Called Strike 2-2: Ball 3-2: SOLO HOME RUN (Flyball, 89XD, EV 108.8 MPH), Distance : 431 ft
|
|
Batting: LHB Dan Morris
|
0-0: Fly out, F4 (Popup, 3D, EV 68.1 MPH)
|
|
Batting: RHB Bobby Melillo
|
0-0: Ball 1-0: Fly out, F8 (Flyball, 8RM, EV 94.4 MPH)
|
| Top of the 2nd over - 5 runs, 5 hits, 0 errors, 0 left on base; Pulaski 6 - Seattle (APP) 0 |
| BOTTOM OF THE 2ND |
|
Seattle (APP) Mariners batting - Pitching for Pulaski Yankees : RHP Eric Aguilar
|
|
Batting: RHB Ivan Davila
|
0-0: Ball 1-0: DOUBLE (Line Drive, 78M, EV 92.5 MPH)
|
|
Batting: RHB Enrique Valdez
|
0-0: DOUBLE (Flyball, 8LXD, EV 90.0 MPH) Ivan Davila scores
|
|
Batting: RHB Chris Van Niel
|
0-0: Ball 1-0: Fly out, F7 (Flyball, 7, EV 92.5 MPH)
|
|
Batting: RHB Franklin Romero
|
0-0: Foul Ball, location: 2F 0-1: Hit by Pitch
|
|
Batting: RHB David Greene
|
0-0: Ball 1-0: Called Strike 1-1: Swinging Strike 1-2: Strikes out swinging
|
|
Batting: SHB Tony Morales
|
0-0: Ball 1-0: Ball 2-0: Fly out, F8 (Flyball, 8RXD, EV 96.9 MPH)
|
| Bottom of the 2nd over - 1 run, 2 hits, 0 errors, 2 left on base; Pulaski 6 - Seattle (APP) 1 |
| TOP OF THE 3RD |
|
Pulaski Yankees batting - Pitching for Seattle (APP) Mariners : RHP Josh Newell
|
|
Batting: SHB Victor Ruiz
|
0-0: Foul Ball, location: 2F 0-1: SOLO HOME RUN (Flyball, 78XD, EV 101.3 MPH), Distance : 409 ft
|
|
Pitching: RHP Sid Lampone
|
|
|
Batting: RHB Seth Rutz
|
0-0: Foul Ball, location: 2F 0-1: Swinging Strike 0-2: Ball 1-2: Ground out 2-3 (Groundball, 2R, EV 73.1 MPH)
|
|
Batting: SHB Joe Fure
|
0-0: Foul Ball, location: 2F 0-1: Ground out U3 (Groundball, 3, EV 85.6 MPH)
|
|
Batting: RHB Johannes Gutermuth
|
0-0: Foul Ball, location: 2F 0-1: Foul Ball, location: 2F 0-2: Ground out 5-3 (Groundball, 56S, EV 68.8 MPH)
|
| Top of the 3rd over - 1 run, 1 hit, 0 errors, 0 left on base; Pulaski 7 - Seattle (APP) 1 |
| BOTTOM OF THE 3RD |
|
Seattle (APP) Mariners batting - Pitching for Pulaski Yankees : RHP Eric Aguilar
|
|
Batting: RHB Mike Conaway
|
0-0: SINGLE (Groundball, 6MD, EV 95.0 MPH)
|
|
Batting: RHB Tze-meng Li
|
0-0: Swinging Strike 0-1: Ball 1-1: Ball 2-1: Fielders Choice at 2nd, 6-4 (Groundball, 6, EV 103.8 MPH)
|
|
Batting: LHB Ryan Daniels
|
0-0: Called Strike 0-1: Swinging Strike 0-2: Ball 1-2: Strikes out swinging
|
|
Batting: RHB Ivan Davila
|
0-0: Swinging Strike 0-1: Ball 1-1: Ball 2-1: Ball 3-1: Called Strike 3-2: Strikes out looking
|
| Bottom of the 3rd over - 0 runs, 1 hit, 0 errors, 1 left on base; Pulaski 7 - Seattle (APP) 1 |
| TOP OF THE 4TH |
|
Pulaski Yankees batting - Pitching for Seattle (APP) Mariners : RHP Sid Lampone
|
|
Batting: RHB Alex Colon
|
0-0: Swinging Strike 0-1: SINGLE (Line Drive, 4MD, EV 93.8 MPH)
|
|
Batting: RHB Jordan Barragan
|
0-0: Called Strike 0-1: Ball Alex Colon steals 2nd, throwing error, E2 Alex Colon to third 1-1: Ball 2-1: Foul Ball, location: 2F 2-2: Strikes out looking
|
|
Batting: LHB Joel Vera
|
0-0: Ball 1-0: Ball 2-0: Ball 3-0: Called Strike 3-1: Called Strike 3-2: Foul Ball, location: 2F 3-2: Base on Balls
|
|
Batting: LHB Dan Morris
|
0-0: Ball Joel Vera steals 2nd base 1-0: Foul Ball, location: 2F 1-1: Ground out 5-3 (Groundball, 56S, EV 85.0 MPH) Alex Colon scores
|
|
Batting: RHB Bobby Melillo
|
0-0: Ball 1-0: Ground out 5-3 (Groundball, 56, EV 89.4 MPH)
|
| Top of the 4th over - 1 run, 1 hit, 1 error, 1 left on base; Pulaski 8 - Seattle (APP) 1 |
| BOTTOM OF THE 4TH |
|
Seattle (APP) Mariners batting - Pitching for Pulaski Yankees : RHP Eric Aguilar
|
|
Batting: RHB Enrique Valdez
|
0-0: Ball 1-0: Called Strike 1-1: Ball 2-1: Ball 3-1: Called Strike 3-2: Strikes out looking
|
|
Batting: RHB Chris Van Niel
|
0-0: Called Strike 0-1: Ball 1-1: Called Strike 1-2: Foul Ball, location: 2F 1-2: Ball 2-2: Ball 3-2: SOLO HOME RUN (Flyball, 7D, EV 97.5 MPH), Distance : 363 ft
|
|
Batting: RHB Franklin Romero
|
0-0: Ball 1-0: Ball 2-0: Foul Ball, location: 2F 2-1: Called Strike 2-2: Strikes out swinging
|
|
Batting: RHB David Greene
|
0-0: Foul Ball, location: 2F 0-1: Swinging Strike 0-2: Strikes out swinging
|
| Bottom of the 4th over - 1 run, 1 hit, 0 errors, 0 left on base; Pulaski 8 - Seattle (APP) 2 |
| TOP OF THE 5TH |
|
Pulaski Yankees batting - Pitching for Seattle (APP) Mariners : RHP Sid Lampone
|
|
Batting: SHB Victor Ruiz
|
0-0: Ball 1-0: Ball 2-0: Swinging Strike 2-1: Foul Ball, location: 2F 2-2: Ball 3-2: Base on Balls
|
|
Batting: RHB Seth Rutz
|
0-0: Ball 1-0: Called Strike 1-1: Ball 2-1: Ball 3-1: Called Strike 3-2: 2-RUN HOME RUN (Line Drive, 7LD, EV 95.6 MPH), Distance : 349 ft
|
|
Batting: SHB Joe Fure
|
0-0: Ball 1-0: Ball 2-0: Called Strike 2-1: Called Strike 2-2: Ball 3-2: Base on Balls
|
|
Batting: RHB Johannes Gutermuth
|
0-0: Ball 1-0: Foul Ball, location: 2F 1-1: Ball 2-1: Fielders Choice at 2nd, 5-4 (Groundball, 5, EV 80.6 MPH)
|
|
Batting: RHB Alex Colon
|
0-0: Called Strike 0-1: Fly out, F8 (Flyball, 8LM, EV 90.6 MPH)
|
|
Batting: RHB Jordan Barragan
|
0-0: Called Strike 0-1: Called Strike Johannes Gutermuth steals 2nd base 0-2: Ball 1-2: Ball 2-2: Fly out, F3 (Popup, 3, EV 69.4 MPH)
|
| Top of the 5th over - 2 runs, 1 hit, 0 errors, 1 left on base; Pulaski 10 - Seattle (APP) 2 |
| BOTTOM OF THE 5TH |
|
Seattle (APP) Mariners batting - Pitching for Pulaski Yankees : RHP Eric Aguilar
|
|
Batting: SHB Tony Morales
|
0-0: Ball 1-0: Foul Ball, location: 2F 1-1: DOUBLE (Line Drive, 7LM, EV 102.5 MPH)
|
|
Batting: RHB Mike Conaway
|
0-0: Called Strike 0-1: Called Strike 0-2: SINGLE (Groundball, 5S, EV 70.6 MPH) (infield hit) Tony Morales to third
|
|
Batting: RHB Tze-meng Li
|
0-0: Ball 1-0: Called Strike 1-1: Hit by Pitch Mike Conaway to second
|
|
Pitching: RHP Vince DeFord
|
|
|
Batting: LHB Ryan Daniels
|
0-0: Ball 1-0: Called Strike 1-1: Foul Ball, location: 2F 1-2: Strikes out swinging
|
|
Batting: RHB Ivan Davila
|
0-0: Called Strike 0-1: Ball 1-1: Foul Ball, location: 2F 1-2: Fielders Choice at 2nd, 6-4 (Groundball, 6M, EV 108.8 MPH) Tony Morales scores Mike Conaway to third
|
|
Batting: RHB Enrique Valdez
|
0-0: Foul Ball, location: 2F 0-1: Ball 1-1: Foul Ball, location: 2F 1-2: Strikes out swinging
|
| Bottom of the 5th over - 1 run, 2 hits, 0 errors, 2 left on base; Pulaski 10 - Seattle (APP) 3 |
| TOP OF THE 6TH |
|
Pulaski Yankees batting - Pitching for Seattle (APP) Mariners : RHP Sid Lampone
|
|
Batting: LHB Joel Vera
|
0-0: Ball 1-0: Ball 2-0: Called Strike 2-1: Foul Ball, location: 2F 2-2: Ball 3-2: Base on Balls
|
|
Batting: LHB Dan Morris
|
0-0: Fly out, F8 (Flyball, 89XD, EV 94.4 MPH)
|
|
Pitching: LHP Ben Burton
|
|
|
Batting: RHB Bobby Melillo
|
0-0: Called Strike 0-1: Ball Joel Vera steals 2nd base 1-1: Ball 2-1: Foul Ball, location: 2F 2-2: Ball 3-2: Foul Ball, location: 2F 3-2: Ground out 6-3 (Groundball, 56, EV 95.0 MPH)
|
|
Batting: SHB Victor Ruiz
|
0-0: Ball 1-0: Ball 2-0: Ball 3-0: Base on Balls
|
|
Batting: RHB Seth Rutz
|
0-0: Ball 1-0: Ball 2-0: Ball 3-0: Swinging Strike 3-1: Base on Balls Joel Vera to third Victor Ruiz to second
|
|
Batting: SHB Joe Fure
|
0-0: Foul Ball, location: 2F 0-1: Swinging Strike 0-2: Ball 1-2: Foul Ball, location: 2F 1-2: Fielders Choice at 2nd, U6 (Groundball, 6M, EV 84.4 MPH)
|
| Top of the 6th over - 0 runs, 0 hits, 0 errors, 3 left on base; Pulaski 10 - Seattle (APP) 3 |
| BOTTOM OF THE 6TH |
|
Seattle (APP) Mariners batting - Pitching for Pulaski Yankees : RHP Vince DeFord
|
|
Batting: RHB Chris Van Niel
|
0-0: Foul Ball, location: 2F 0-1: Called Strike 0-2: Ball 1-2: Foul Ball, location: 2F 1-2: Ball 2-2: Strikes out looking
|
|
Batting: RHB Franklin Romero
|
0-0: Ball 1-0: Ball 2-0: Ball 3-0: Called Strike 3-1: Swinging Strike 3-2: Base on Balls
|
|
Batting: RHB David Greene
|
0-0: Called Strike 0-1: Ball 1-1: Swinging Strike 1-2: Ball 2-2: Strikes out swinging
|
|
Batting: SHB Tony Morales
|
0-0: Called Strike 0-1: Called Strike 0-2: Strikes out looking
|
| Bottom of the 6th over - 0 runs, 0 hits, 0 errors, 1 left on base; Pulaski 10 - Seattle (APP) 3 |
| TOP OF THE 7TH |
|
Pulaski Yankees batting - Pitching for Seattle (APP) Mariners : LHP Ben Burton
|
|
Batting: RHB Johannes Gutermuth
|
0-0: Called Strike 0-1: Called Strike 0-2: Fly out, F8 (Line Drive, 8LD, EV 107.5 MPH)
|
|
Pinch Hitting: RHB Graham Murphy
|
0-0: Ball 1-0: Ball 2-0: Ball 3-0: Called Strike 3-1: Base on Balls
|
|
Pitching: RHP Matt Lane
|
|
|
Batting: RHB Jordan Barragan
|
0-0: Ball Graham Murphy steals 2nd base 1-0: Ball 2-0: Ball 3-0: Base on Balls
|
|
Batting: LHB Joel Vera
|
0-0: Ball 1-0: Ball 2-0: Ball 3-0: Base on Balls Graham Murphy to third Jordan Barragan to second
|
|
Batting: LHB Dan Morris
|
0-0: Called Strike 0-1: Swinging Strike 0-2: Ball 1-2: Ball 2-2: Ball 3-2: Fly out, F9 (Flyball, 9LD, EV 101.3 MPH) Runner from 3rd tags up, SCORES, throw by RF Jordan Barragan to third
|
|
Batting: RHB Bobby Melillo
|
0-0: Ball 1-0: Ball Joel Vera steals 2nd base 2-0: Swinging Strike 2-1: Foul Ball, location: 2F 2-2: Ground out 3-1 (Groundball, 34, EV 81.3 MPH)
|
| Top of the 7th over - 1 run, 0 hits, 0 errors, 2 left on base; Pulaski 11 - Seattle (APP) 3 |
| BOTTOM OF THE 7TH |
|
Seattle (APP) Mariners batting - Pitching for Pulaski Yankees : RHP Vince DeFord
|
|
Now in LF: Graham Murphy
|
|
|
Batting: RHB Mike Conaway
|
0-0: Ball 1-0: Called Strike 1-1: Called Strike 1-2: Strikes out swinging
|
|
Pitching: RHP Bobby Savoy
|
|
|
Batting: RHB Tze-meng Li
|
0-0: Ball 1-0: Swinging Strike 1-1: Fly out, F8 (Line Drive, 8LM, EV 104.4 MPH)
|
|
Batting: LHB Ryan Daniels
|
0-0: Foul Ball, location: 2F 0-1: Ball 1-1: Foul Ball, location: 2F 1-2: Ball 2-2: Strikes out looking
|
| Bottom of the 7th over - 0 runs, 0 hits, 0 errors, 0 left on base; Pulaski 11 - Seattle (APP) 3 |
| TOP OF THE 8TH |
|
Pulaski Yankees batting - Pitching for Seattle (APP) Mariners : RHP Matt Lane
|
|
Batting: SHB Victor Ruiz
|
0-0: Ball 1-0: Ball 2-0: Ball 3-0: Base on Balls
|
|
Batting: RHB Seth Rutz
|
0-0: Called Strike 0-1: Ball 1-1: DOUBLE (Line Drive, 89D, EV 99.4 MPH) Victor Ruiz to third
|
|
Batting: SHB Joe Fure
|
0-0: Foul Ball, location: 2F 0-1: Foul Ball, location: 2F 0-2: Ball 1-2: Ball 2-2: Foul Ball, location: 2F 2-2: Ball 3-2: Ground out 3-1 (Groundball, 13, EV 88.1 MPH) Victor Ruiz scores Seth Rutz to third
|
|
Batting: RHB Johannes Gutermuth
|
0-0: Ball 1-0: SINGLE (Line Drive, 89S, EV 95.6 MPH) Seth Rutz scores
|
|
Batting: RHB Graham Murphy
|
0-0: Ball 1-0: SINGLE (Flyball, 4MD, EV 91.9 MPH) Johannes Gutermuth to second
|
|
Batting: RHB Jordan Barragan
|
0-0: Foul Ball, location: 2F 0-1: Foul Ball, location: 2F 0-2: Ball 1-2: Ball 2-2: Strikes out swinging
|
|
Pitching: RHP Chris Julien
|
|
|
Batting: LHB Joel Vera
|
0-0: Foul Ball, location: 2F 0-1: Foul Ball, location: 2F 0-2: Ball 1-2: Ball 2-2: 3-RUN HOME RUN (Flyball, 9D, EV 100.6 MPH), Distance : 356 ft
|
|
Batting: LHB Dan Morris
|
0-0: Ball 1-0: Ball 2-0: Ball 3-0: Base on Balls
|
|
Batting: RHB Bobby Melillo
|
0-0: 2-RUN HOME RUN (Flyball, 9D, EV 96.3 MPH), Distance : 373 ft
|
|
Batting: SHB Victor Ruiz
|
0-0: Called Strike 0-1: Fly out, F9 (Line Drive, 9, EV 95.6 MPH)
|
| Top of the 8th over - 7 runs, 5 hits, 0 errors, 0 left on base; Pulaski 18 - Seattle (APP) 3 |
| BOTTOM OF THE 8TH |
|
Seattle (APP) Mariners batting - Pitching for Pulaski Yankees : RHP Bobby Savoy
|
|
Pinch Hitting: SHB Fernando Jasso
|
0-0: Ball 1-0: Foul Ball, location: 2F 1-1: Foul Ball, location: 2F 1-2: Ball 2-2: SINGLE (Groundball, 56D, EV 100.6 MPH)
|
|
Batting: RHB Enrique Valdez
|
0-0: Foul Ball, location: 2F 0-1: Ground out 4-3 (Groundball, 4D, EV 101.9 MPH) Fernando Jasso to second
|
|
Batting: RHB Chris Van Niel
|
0-0: Called Strike 0-1: Fly out, F4 (Popup, 4, EV 70.6 MPH)
|
|
Batting: RHB Franklin Romero
|
0-0: Called Strike 0-1: Foul Ball, location: 2F 0-2: Ball 1-2: Ball 2-2: Foul Ball, location: 2F 2-2: Ground out 6-3 (Groundball, 6, EV 85.6 MPH)
|
| Bottom of the 8th over - 0 runs, 1 hit, 0 errors, 1 left on base; Pulaski 18 - Seattle (APP) 3 |
| TOP OF THE 9TH |
|
Pulaski Yankees batting - Pitching for Seattle (APP) Mariners : RHP Chris Julien
|
|
Now at 1B: Fernando Jasso
|
|
|
Batting: RHB Seth Rutz
|
0-0: Ball 1-0: Called Strike 1-1: Ball 2-1: Called Strike 2-2: Strikes out swinging
|
|
Batting: SHB Joe Fure
|
0-0: Hit by Pitch
|
|
Pitching: LHP Adam Parrish
|
|
|
Batting: RHB Johannes Gutermuth
|
0-0: Grounds into double play, 4-6-3 (Groundball, 34, EV 83.1 MPH)
|
| Top of the 9th over - 0 runs, 0 hits, 0 errors, 0 left on base; Pulaski 18 - Seattle (APP) 3 |
| BOTTOM OF THE 9TH |
|
Seattle (APP) Mariners batting - Pitching for Pulaski Yankees : RHP Bobby Savoy
|
|
Batting: RHB David Greene
|
0-0: Foul Ball, location: 2F 0-1: Ball 1-1: Ball 2-1: SINGLE (Line Drive, 34, EV 95.0 MPH)
|
|
Batting: SHB Tony Morales
|
0-0: Called Strike 0-1: Fly out, F3 (Popup, 3F, EV 53.1 MPH)
|
|
Batting: RHB Mike Conaway
|
0-0: Ball 1-0: Swinging Strike 1-1: Ball 2-1: Called Strike 2-2: Strikes out looking
|
|
Batting: RHB Tze-meng Li
|
0-0: Fielders Choice at 2nd, 6-4 (Groundball, 6, EV 84.4 MPH)
|
| Bottom of the 9th over - 0 runs, 1 hit, 0 errors, 1 left on base; Pulaski 18 - Seattle (APP) 3 |
|